 Dungeon Crawl Stone Soup version 0.30-a0-170-g85af917532 (webtiles) character file.

Game seed: 7636436925586946024

539 qw the Chopper (level 7, -2/43 HPs)
             Began as a Gargoyle Fighter on Sept 30, 2022.
             Slain by an iguana (3 damage)
             ... on level 4 of the Dungeon.
             The game lasted 00:01:25 (3698 turns).

qw the Chopper (Gargoyle Fighter)                   Turns: 3698, Time: 00:01:26

Health: -2/43      AC: 15    Str: 21    XL:     7   Next: 26%
Magic:  7/7        EV:  7    Int:  9    God:
Gold:   201        SH:  9    Dex:  9    Spells: 6/6 levels left

rFire   . . .      SeeInvis .    Y - +0 war axe
rCold   . . .      Faith    .    c - +0 buckler
rNeg    + . .      Spirit   .    h - +0 chain mail
rPois   inf        Reflect  +    k - +0 helmet
rElec   +          Harm     .    (no cloak)
rCorr   .          Rampage  .    (no gloves)
Will    .....                    (no boots)
Stlth   ..........               a - amulet of reflection
HPRegen 0.14/turn                (no ring)
MPRegen 0.10/turn                (no ring)

@: about to teleport
A: sickness immunity, AC +4, negative energy resistance 1, electricity
resistance, torment resistance 1, petrification resistance
a: no special abilities


You were on level 4 of the Dungeon.
You visited 1 branch of the dungeon, and saw 4 of its levels.

You collected 201 gold pieces.


Innate Abilities, Weirdness & Mutations

You are immune to sickness and miasma.
Your stone body is resilient. (AC +4)
You are immune to poison.
You resist negative energy. (rN+)
You are resistant to electric shocks. (rElec)
You are resistant to unholy torment.
You are immune to petrification.


   Skills:
 - Level 4.1 Fighting
 + Level 6.0 Axes
 - Level 2.2 Throwing
 - Level 3.2 Armour
 - Level 1.1 Dodging
 - Level 3.2 Shields


You had 6 spell levels left.
You didn't know any spells.
Your spell library was empty.

Inventory:

Hand Weapons
 e - a +2 flail of protection
 Y - a +0 war axe (weapon)
Missiles
 b - 3 boomerangs
 g - 2 javelins (quivered)
Armour
 c - a +0 buckler (worn)
 h - a +0 chain mail (worn)
 j - a +0 pair of gloves
 k - a +0 helmet (worn)
Jewellery
 a - an amulet of reflection (around neck)
Scrolls
 l - a scroll of teleportation
Potions
 d - a potion of might
 f - a potion of degeneration {unknown}
 i - a potion of curing

Dungeon Overview and Level Annotations

Branches:
Dungeon (4/15)
 Temple: D:4-7

Altars:
Dithmenos

Annotations:
D:4 2 runed translucent doors


Message History

You closely miss the howler monkey.
The howler monkey is almost dead.
You closely miss the scorpion. You block the howler monkey's attack.
You block the scorpion's attack.
You slash the howler monkey!
You kill the howler monkey!
You hit the scorpion but do no damage. The scorpion stings you.
You block the scorpion's attack.
Your Dodging skill increases to level 1!
You closely miss the scorpion.
The scorpion stings you but does no damage.
You hit the scorpion.
The scorpion is moderately wounded.
You block the scorpion's attack. x2
You barely miss the scorpion.
The scorpion is moderately wounded.
You hit the iguana.
The iguana bites you but does no damage.
You block the scorpion's attack.
You hit the iguana but do no damage.
The iguana is heavily wounded.
You hit the scorpion.
The iguana bites you but does no damage.
The scorpion stings you.
The iguana bites you but does no damage.
The scorpion stings you but does no damage.
You hit the iguana.
The iguana is severely wounded.
You barely miss the scorpion.
The scorpion stings you but does no damage.
The iguana closely misses you.
You hit the iguana.
The iguana is almost dead.
You closely miss the scorpion. You block the scorpion's attack.
The iguana bites you!
3698 ||| READING 2 scrolls of teleportation.
As you read the scroll of teleportation, it crumbles to dust.
You feel strangely unstable. You block the scorpion's attack.
The iguana bites you.
You die...

..## #..### #....### .
######## #......# .
#####......# #......#
.##....).....# #......##
.............# #ls......
............####@......#
............#..........#
...............#######.#
#..........#####
#.........## ..#.......#
.##......## ####.....# #
##...##


You could see a scorpion and an iguana.

Vanquished Creatures
  2 water moccasins (D:4)
  A phantom (D:4)
  2 howler monkeys (D:4)
  An orc priest (D:3)
  An orc wizard (D:3)
  3 adders
  A white imp (D:4)
  An ufetubus (D:4)
  A worm (D:2)
  5 dart slugs
  5 orcs (D:3)
  2 bats
  10 endoplasms
  3 giant cockroaches
  4 goblins
  5 hobgoblins
  5 jackals (D:1)
  3 kobolds
  2 quokkas
  5 ball pythons
  A frilled lizard (D:3)
  A rat (D:1)
64 creatures vanquished.

Vanquished Creatures (others)
  A kobold (D:3)
1 creature vanquished.

Grand Total: 65 creatures vanquished

Notes
Turn   | Place    | Note
-------+----------+-------------------------------------------
     0 | D:1      | qw the Gargoyle Fighter began the quest for the Orb.
     0 | D:1      | Reached XP level 1. HP: 14/14 MP: 1/1
     0 | D:1      | 0 ||| qw: Version: 0.2-a-12-gaebbb33
     0 | D:1      | 0 ||| qw: Game counter: 1587
     0 | D:1      | 0 ||| qw: Always use a shield: true
     0 | D:1      | 0 ||| qw: God list: Okawaru
     0 | D:1      | 0 ||| qw: Allow faded altars: false
     0 | D:1      | 0 ||| qw: Do Orc after D:15 true
     0 | D:1      | 0 ||| qw: Do second Lair branch before Depths: true
     0 | D:1      | 0 ||| qw: Lair rune preference: random
     0 | D:1      | 0 ||| qw: Plans: Normal, Zot:1-4, God:TSO, Crypt, Tomb,
                  | Pan, Slime:5, Hells, Abyss, Orb
     0 | D:1      | 0 ||| PLANNING D:1-11
    38 | D:1      | Reached skill level 2 in Axes
    50 | D:1      | 50 ||| Stepping ~*~*~tactically~*~*~ (stealth).
    59 | D:1      | Reached XP level 2. HP: 11/19 MP: 2/2
   199 | D:1      | 199 ||| Stepping ~*~*~tactically~*~*~ (hiding).
   281 | D:1      | 281 ||| Stepping ~*~*~tactically~*~*~ (stealth).
   639 | D:1      | 639 ||| Stepping ~*~*~tactically~*~*~ (stealth).
   644 | D:1      | 644 ||| Stepping ~*~*~tactically~*~*~ (hiding).
   647 | D:1      | 647 ||| Stepping ~*~*~tactically~*~*~ (hiding).
   653 | D:1      | Reached skill level 3 in Axes
   703 | D:1      | Reached XP level 3. HP: 21/23 MP: 3/3
   928 | D:1      | Found a faded altar of an unknown god.
   932 | D:1      | 932 ||| UPGRADING to +0 helmet.
   937 | D:1      | 937 ||| READING scroll labelled RAUBBEUNIY.
  1038 | D:1      | 1038 ||| READING scroll labelled ANGOCOI CUHAT.
  1039 | D:1      | 1039 ||| READING scroll labelled LYTZYOFAUCH.
  1040 | D:1      | 1040 ||| READING scroll labelled WUZYDO GUNAFIX.
  1041 | D:1      | 1041 ||| READING scroll labelled PICEDA PIRAUL.
  1042 | D:1      | 1042 ||| READING scroll labelled NIUWOMA IRAK.
  1043 | D:1      | 1043 ||| READING scroll labelled WACAMM TYNT.
  1072 | D:2      | 1072 ||| Stepping ~*~*~tactically~*~*~ (hiding).
  1073 | D:2      | 1073 ||| Stepping ~*~*~tactically~*~*~ (hiding).
  1077 | D:2      | 1077 ||| Stepping ~*~*~tactically~*~*~ (hiding).
  1243 | D:2      | 1243 ||| FLEEEEING.
  1244 | D:2      | 1244 ||| FLEEEEING.
  1245 | D:2      | 1245 ||| FLEEEEING.
  1251 | D:2      | 1251 ||| STAIRDANCE
  1858 | D:2      | Found the +7 great mace "Firestarter" {inner flame, rF++}
  1878 | D:2      | 1878 ||| UPGRADING to +0 chain mail.
  1888 | D:2      | 1888 ||| DROPPING +0 scale mail.
  1889 | D:2      | 1889 ||| UPGRADING to amulet of reflection.
  1894 | D:2      | 1894 ||| READING scroll labelled KOIKHL LOAHARGH.
  1899 | D:2      | 1899 ||| DRINKING 2 sedimented white potions.
  2095 | D:3      | Reached XP level 4. HP: 28/28 MP: 4/4
  2140 | D:3      | 2140 ||| Stepping ~*~*~tactically~*~*~ (stealth).
  2143 | D:3      | Reached skill level 4 in Axes
  2205 | D:3      | HP: 4/28 [orc/+2 flail of protection (4)]
  2208 | D:3      | Reached XP level 5. HP: 5/32 MP: 5/5
  2210 | D:3      | 2210 ||| DRINKING potion of curing.
  2210 | D:3      | 2210 ||| (to cure confusion)
  2212 | D:3      | HP: 6/32 [orc wizard/magic dart (1)]
  2468 | D:3      | 2468 ||| DROPPING +0 whip.
  2506 | D:3      | Found a shadowy altar of Dithmenos.
  2842 | D:4      | Noticed a water moccasin
  2842 | D:4      | Noticed a water moccasin
  2868 | D:4      | Killed a water moccasin
  2869 | D:4      | Reached skill level 5 in Axes
  2869 | D:4      | Reached XP level 6. HP: 12/37 MP: 6/6
  3074 | D:4      | 3074 ||| DRINKING 2 blue potions.
  3125 | D:4      | 3125 ||| DROPPING potion of berserk rage.
  3126 | D:4      | 3126 ||| Stepping randomly (stuck).
  3128 | D:4      | 3128 ||| Stepping randomly (stuck).
  3129 | D:4      | 3129 ||| Stepping randomly (stuck).
  3130 | D:4      | 3130 ||| Stepping randomly (stuck).
  3131 | D:4      | 3131 ||| Stepping randomly (stuck).
  3132 | D:4      | 3132 ||| Stepping randomly (stuck).
  3134 | D:4      | 3134 ||| Stepping randomly (stuck).
  3135 | D:4      | 3135 ||| Stepping randomly (stuck).
  3136 | D:4      | 3136 ||| Stepping randomly (stuck).
  3138 | D:4      | 3138 ||| Stepping randomly (stuck).
  3139 | D:4      | 3139 ||| Stepping randomly (stuck).
  3193 | D:4      | Killed a water moccasin
  3194 | D:4      | Reached XP level 7. HP: 18/43 MP: 7/7
  3471 | D:4      | Found a large runed translucent door.
  3472 | D:4      | Found a large runed translucent door.
  3517 | D:4      | Reached skill level 6 in Axes
  3692 | D:4      | Reached skill level 1 in Dodging
  3697 | D:4      | HP: 1/43 [iguana (11)]
  3698 | D:4      | 3698 ||| READING 2 scrolls of teleportation.
  3698 | D:4      | Slain by an iguana

Levels and vault maps discovered:
D:1:      eino_arrival_tree_alley, layout_basic,
          dreamdust_ecumenical_altar_angels_and_demons, minmay_heptomino_l4
D:2:      layout_rooms
D:3:      layout_rooms, grunt_dithmenos_smoke_and_mirrors
D:4:      minmay_chambers_of_fours, layout_cave_pods, jmf_multi_god_temple2,
          serial_demonic, serial_demonic_a, serial_demonic_b, serial_demonic_f,
          serial_demonic_g

Skill      XL: |  1  2  3  4  5  6  7 |
---------------+----------------------+-----
Axes           | 2 3 4 5 6 |  6.0
Fighting       | 4 |  4.1
Throwing       | 2 |  2.2
Dodging        | 1 |  1.1
Armour         | |  3.2
Shields        | |  3.2

Action                   |  1- 3 |  4- 6 |  7- 9 || total
-------------------------+-------+-------+-------++-------
Melee: War axe           |   101 |    88 |    29 ||   218
Throw: Javelin           |       |     7 |     7 ||    14
       Boomerang         |       |     2 |     2 ||     4
  Use: Scroll            |     8 |       |     1 ||     9
       Potion            |     1 |     2 |       ||     3
Armor: Scale mail        |    29 |       |       ||    29
       Chain mail        |    12 |    46 |    26 ||    84
Dodge: Dodged            |    32 |    23 |     9 ||    64
Block: Buckler           |    25 |    48 |    21 ||    94
       Reflection        |       |     4 |       ||     4

Table legend:
 A = Non-vault XP
 B = Vault XP
 C = Vault XP percentage of total XP
 D = Non-vault monster count
 E = Vault monster count
 F = Vault count percentage of total count
                 A         B        C        D         E       F
            +---------+---------+-------+---------+---------+-------
      Total |     325 |     445 |  57.8 |      52 |      12 |  18.8
            +---------+---------+-------+---------+---------+-------
        D:1 |      28 |       7 |  20.0 |      13 |       4 |  23.5
        D:2 |      31 |       0 |   0.0 |       8 |       0 |   0.0
        D:3 |     142 |       0 |   0.0 |      22 |       0 |   0.0
        D:4 |     124 |     438 |  77.9 |       9 |       8 |  47.1
            +---------+---------+-------+---------+---------+-------
